Map: Abyssal Reef LE

Players

MCanning - Winner!

  • Race: Protoss Protoss
  • Spawn Location: 5:00

miwa

  • Race: Zerg Zerg
  • Spawn Location: 11:00

Event: WCS Austin 2017

VOD

Have the link to the VOD?

Description

Time

  • Played on: April 28, 2017, 2:10 p.m.
  • Length: 7:36

All games in this series

Show
View Real Time Build Order
Export as new Build Order

MCanning Protoss - Winner!

Build Orders: 1 Gate Expand, Dark Templar Rush 

Get SALT Encoding   

  12  0:00  Probe (Chrono Boost)  
  13  0:11  Probe (Chrono Boost)  
  14  0:19  Pylon  
  14  0:22  Probe (Chrono Boost)  
  15  0:37  Probe (Chrono Boost)  
  15  0:38  Gateway  
  16  0:48  Probe (Chrono Boost)  
  16  0:49  Assimilator  
  17  0:58  Probe (Chrono Boost)  
  18  1:09  Probe (Chrono Boost)  
  19  1:22  Nexus  
  19  1:33  Cybernetics Core  
  19  1:36  Probe (Chrono Boost)  
  20  1:44  Assimilator  
  20  1:47  Probe (Chrono Boost)  
  21  1:58  Probe (Chrono Boost)  
  21  2:00  Pylon  
  23  2:08  Probe (Chrono Boost)  
  23  2:12  Warp Gate  
  23  2:18  Zealot  
  23  2:19  Probe (Chrono Boost)  
  28  2:30  Mothership Core (Chrono Boost)  
  28  2:34  Probe (Chrono Boost)  
  29  2:45  Probe (Chrono Boost), Stalker  
  29  2:48  Probe (Chrono Boost)  
  33  2:55  Probe (Chrono Boost)  
  35  2:58  Probe (Chrono Boost)  
  35  3:06  Twilight Council, Probe (Chrono Boost)  
  35  3:09  Probe (Chrono Boost)  
  37  3:19  Robotics Facility  
  37  3:20  Probe (Chrono Boost)  
  37  3:22  Probe (Chrono Boost)  
  39  3:31  Probe (Chrono Boost)  
  39  3:32  Probe (Chrono Boost)  
  41  3:37  Pylon  
  41  3:42  Probe (Chrono Boost)  
  41  3:43  Probe (Chrono Boost), Dark Shrine  
  43  3:52  Probe (Chrono Boost)  
  43  3:53  Probe (Chrono Boost)  
  45  3:58  Gateway  
  45  3:59  Gateway  
  45  4:00  Gateway  
  45  4:03  Probe (Chrono Boost)  
  45  4:05  Warp Prism  
  46  4:14  Probe (Chrono Boost)  
  49  4:18  Assimilator  
  49  4:21  Assimilator, Pylon  
  50  4:24  Probe (Chrono Boost)  
  50  4:25  Probe (Chrono Boost)  
  50  4:30  Pylon  
  50  4:36  Probe x2 (Chrono Boost)  
  52  4:39  Pylon  
  52  4:42  Observer  
  53  4:46  Probe (Chrono Boost)  
  53  4:48  Probe (Chrono Boost)  
  55  4:57  Probe (Chrono Boost)  
  57  5:00  Probe (Chrono Boost)  
  57  5:01  Dark Templar x4  
  65  5:14  Nexus  
  65  5:23  Pylon  
  65  5:24  Pylon  
  65  5:32  Probe (Chrono Boost)  
  65  5:35  Probe (Chrono Boost)  
  67  5:37  Sentry  
  67  5:38  Sentry  
  67  5:42  Forge, Probe (Chrono Boost), Robotics Bay  
  72  5:44  Gateway  
  72  5:47  Probe (Chrono Boost)  
  73  5:53  Immortal  
  78  5:57  Probe (Chrono Boost)  
  79  6:06  Probe (Chrono Boost)  
  79  6:09  Gateway  
  79  6:12  Gateway  
  80  6:18  Probe (Chrono Boost)  
  80  6:19  Stalker x3  
  80  6:24  Probe (Chrono Boost)  
  87  6:28  Probe (Chrono Boost)  
  87  6:31  Probe (Chrono Boost)  
  89  6:32  Disruptor  
  89  6:38  Probe (Chrono Boost)  
  93  6:45  Stalker  
  93  6:46  Zealot x2  
  99  6:51  Pylon  
  99  6:57  Stalker x2  
  101  7:01  Pylon  
  95  7:14  Pylon  
  95  7:15  Probe (Chrono Boost)  
  97  7:17  Probe (Chrono Boost)  
  92  7:32  Stalker x2  
  92  7:33  Stalker  
Show
View Real Time Build Order
Export as new Build Order

miwa Zerg 

Build Orders: Hatch First 

Get SALT Encoding   

  12  0:01  Drone  
  13  0:08  Drone  
  14  0:16  Overlord  
  14  0:23  Extractor  
  14  0:24  Drone  
  15  0:36  Drone x2  
  17  0:44  Drone  
  18  0:59  Hatchery  
  18  1:04  Drone  
  18  1:05  Drone  
  18  1:10  Extractor  
  18  1:20  Spawning Pool  
  18  1:24  Drone  
  18  1:29  Drone  
  19  1:39  Overlord  
  19  1:48  Drone  
  20  2:07  Zergling x2  
  20  2:08  Queen  
  23  2:10  Drone  
  23  2:12  Queen  
  23  2:13  Drone  
  27  2:22  Drone  
  28  2:23  Metabolic Boost  
  28  2:29  Overlord  
  28  2:35  Drone x2  
  30  2:42  Drone  
  31  2:54  Hatchery  
  31  2:56  Drone  
  31  2:59  Drone  
  31  3:02  Overlord  
  32  3:06  Drone  
  32  3:09  Drone  
  33  3:15  Drone  
  34  3:20  Overlord  
  34  3:25  Drone x3, Spore Crawler  
  34  3:26  Drone  
  37  3:29  Extractor  
  37  3:30  Zergling x2  
  37  3:33  Zergling x2  
  38  3:40  Drone x2  
  40  3:44  Drone  
  40  3:45  Spore Crawler  
  40  3:46  Drone  
  41  3:51  Lair  
  41  3:55  Drone x2  
  43  3:57  Extractor  
  43  3:59  Drone  
  43  4:02  Drone x2  
  45  4:06  Extractor  
  44  4:10  Drone x3  
  46  4:20  Drone x4  
  50  4:27  Roach Warren  
  50  4:30  Zergling x8  
  53  4:36  Queen  
  55  4:42  Overlord x2  
  55  4:52  Overlord x3  
  55  5:09  Glial Reconstitution  
  55  5:10  Roach  
  55  5:11  Roach x5  
  55  5:12  Overseer  
  66  5:20  Roach x2  
  69  5:21  Roach x2  
  70  5:38  Roach x2  
  74  5:48  Roach x2  
  74  5:49  Roach x3  
  82  5:57  Spore Crawler  
  85  6:04  Roach x5  
  85  6:10  Overseer  
  89  6:13  Queen, Overseer  
  89  6:16  Overlord  
  93  6:18  Roach  
  93  6:28  Roach x2  
  93  6:30  Overlord x2  
  97  6:37  Roach x3  
  101  6:49  Overseer  
  101  6:50  Roach x2  
  101  6:51  Roach x3  
  110  7:01  Drone x3  
  103  7:02  Drone  
  104  7:10  Drone x2  
  104  7:13  Overlord  
  106  7:17  Drone  
Tags
 
Add a new tag
Caveats
  • Supply blocks, unpowered buildings, or Contaminate may cause inaccurate times.
  • Supply counts are checked every 10 seconds.